TOP OF THE 1ST |
Milwaukee Brewers batting - Pitching for Kansas City Royals : RHP Bryan Boykin
|
Pitching: RHP Bryan Boykin
|
|
Batting: LHB Eric Klasek
|
0-0: Called Strike 0-1: Ball 1-1: Called Strike 1-2: Ball 2-2: Ball 3-2: Base on Balls
|
Batting: RHB Akitada Nishizawa
|
0-0: Swinging Strike 0-1: Ball 1-1: Ball 2-1: Foul Ball, location: 2F 2-2: Foul Ball, location: 2F 2-2: Strikes out swinging
|
Batting: SHB Lewis Thorpe Jr.
|
0-0: Called Strike 0-1: Ball 1-1: Ball 2-1: Foul Ball, location: 2F 2-2: Foul Ball, location: 2F 2-2: Ball 3-2: Strikes out swinging Eric Klasek is caught stealing 2nd base 2-6 Batter strikes out.
|
Top of the 1st over - 0 runs, 0 hits, 0 errors, 0 left on base; Milwaukee 0 - Kansas City 0 |
BOTTOM OF THE 1ST |
Kansas City Royals batting - Pitching for Milwaukee Brewers : RHP Victor Munoz
|
Pitching: RHP Victor Munoz
|
|
Batting: SHB Jose Pacheco
|
0-0: Called Strike 0-1: Foul Ball, location: 2F 0-2: Fly out, F8 (Flyball, 8RD, EV 94.4 MPH)
|
Batting: RHB Matt Belgard
|
0-0: Ball 1-0: SINGLE (Line Drive, 7S, EV 104.4 MPH)
|
Batting: LHB Mike Meyerhoff
|
0-0: Foul Ball, location: 2F 0-1: Ball 1-1: Ball 2-1: Ball 3-1: Called Strike 3-2: TRIPLE (Flyball, 89XD, EV 95.6 MPH) Matt Belgard scores
|
Batting: RHB Mike Jaquez
|
0-0: Ball 1-0: Hit by Pitch
|
Batting: LHB Roman Downey
|
0-0: Ball Mike Jaquez steals 2nd base (no throw) 1-0: Called Strike 1-1: Swinging Strike 1-2: Fly out, F7 (Flyball, 7LSF, EV 75.6 MPH)
|
Batting: SHB Gil Switzer
|
0-0: Ball 1-0: Ball 2-0: Ball 3-0: Base on Balls
|
Batting: LHB Pete Hansel
|
0-0: Ball 1-0: Ground out 4-3 (Groundball, 4, EV 83.1 MPH)
|
Bottom of the 1st over - 1 run, 2 hits, 0 errors, 3 left on base; Milwaukee 0 - Kansas City 1 |
TOP OF THE 2ND |
Milwaukee Brewers batting - Pitching for Kansas City Royals : RHP Bryan Boykin
|
Batting: LHB Ernesto Cedillos
|
0-0: Ball 1-0: Called Strike 1-1: Ball 2-1: Fly out, F8 (Flyball, 8LXD, EV 94.4 MPH)
|
Batting: SHB Junzo Kato
|
0-0: Fly out, F7 (Flyball, 7, EV 82.5 MPH)
|
Batting: RHB Dave Gonzalez
|
0-0: Called Strike 0-1: Ball 1-1: Fly out, F9 (Line Drive, 9, EV 89.4 MPH)
|
Top of the 2nd over - 0 runs, 0 hits, 0 errors, 0 left on base; Milwaukee 0 - Kansas City 1 |
BOTTOM OF THE 2ND |
Kansas City Royals batting - Pitching for Milwaukee Brewers : RHP Victor Munoz
|
Batting: LHB Manny Estrada
|
0-0: Ball 1-0: Ball 2-0: Swinging Strike 2-1: Foul Ball, location: 2F 2-2: Strikes out looking
|
Batting: RHB Mikolas Markus
|
0-0: Called Strike 0-1: Ball 1-1: Reached on error, E3 (Groundball, 13, EV 81.2 MPH)
|
Batting: SHB Jose Pacheco
|
0-0: Ball 1-0: Ball 2-0: Ball 3-0: Called Strike 3-1: Base on Balls
|
Batting: RHB Matt Belgard
|
0-0: Ball 1-0: Called Strike 1-1: Ball 2-1: Swinging Strike 2-2: Fielders Choice at 2nd, 1-6 (Groundball, 23, EV 69.4 MPH) Mikolas Markus to third
|
Batting: LHB Mike Meyerhoff
|
0-0: Called Strike 0-1: Ball 1-1: Ball 2-1: Ball 3-1: DOUBLE (Line Drive, 89XD, EV 106.2 MPH) Mikolas Markus scores Matt Belgard to third Runner from 3rd tries for Home, SAFE, no throw by CF
|
Batting: RHB Mike Jaquez
|
0-0: Ball 1-0: Foul Ball, location: 2F 1-1: Ball 2-1: Fly out, F7 (Flyball, 78D, EV 98.8 MPH)
|
Bottom of the 2nd over - 2 runs, 1 hit, 1 error, 1 left on base; Milwaukee 0 - Kansas City 3 |
TOP OF THE 3RD |
Milwaukee Brewers batting - Pitching for Kansas City Royals : RHP Bryan Boykin
|
Batting: RHB Ryan Neal
|
0-0: Called Strike 0-1: Ball 1-1: Ball 2-1: Ball 3-1: Base on Balls
|
Batting: RHB Kisho Ito
|
0-0: Called Strike 0-1: Foul Ball, location: 2F 0-2: Foul Ball, location: 2F 0-2: Strikes out swinging
|
Batting: RHB Colin Boddy
|
0-0: Called Strike 0-1: SINGLE (Groundball, 13, EV 91.9 MPH) (infield hit) Ryan Neal to second
|
Batting: LHB Eric Klasek
|
0-0: Ball 1-0: Foul Ball, location: 2F 1-1: Ball 2-1: Foul Ball, location: 2F 2-2: Strikes out looking
|
Batting: RHB Akitada Nishizawa
|
0-0: Ball 1-0: Fly out, F8 (Flyball, 8RD, EV 105.0 MPH)
|
Top of the 3rd over - 0 runs, 1 hit, 0 errors, 2 left on base; Milwaukee 0 - Kansas City 3 |
BOTTOM OF THE 3RD |
Kansas City Royals batting - Pitching for Milwaukee Brewers : RHP Victor Munoz
|
Batting: LHB Roman Downey
|
0-0: Foul Ball, location: 2F 0-1: Ground out 6-3 (Groundball, 6M, EV 102.5 MPH)
|
Batting: SHB Gil Switzer
|
0-0: Called Strike 0-1: Ball 1-1: Swinging Strike 1-2: Foul Ball, location: 2F 1-2: Ball 2-2: Strikes out swinging
|
Batting: LHB Pete Hansel
|
0-0: Foul Ball, location: 2F 0-1: Fly out, F7 (Flyball, 78S, EV 90.6 MPH)
|
Bottom of the 3rd over - 0 runs, 0 hits, 0 errors, 0 left on base; Milwaukee 0 - Kansas City 3 |
TOP OF THE 4TH |
Milwaukee Brewers batting - Pitching for Kansas City Royals : RHP Bryan Boykin
|
Batting: SHB Lewis Thorpe Jr.
|
0-0: Called Strike 0-1: Ball 1-1: Fly out, F9 (Flyball, 9, EV 89.4 MPH)
|
Batting: LHB Ernesto Cedillos
|
0-0: Called Strike 0-1: Swinging Strike 0-2: Ball 1-2: Ball 2-2: Ball 3-2: Foul Ball, location: 2F 3-2: Foul Ball, location: 2F 3-2: Base on Balls
|
Batting: SHB Junzo Kato
|
0-0: Ball 1-0: Swinging Strike 1-1: Ball 2-1: Foul Ball, location: 2F 2-2: Strikes out swinging
|
Batting: RHB Dave Gonzalez
|
Pickoff Throw to First - Out! 1-3
|
Top of the 4th over - 0 runs, 0 hits, 0 errors, 0 left on base; Milwaukee 0 - Kansas City 3 |
BOTTOM OF THE 4TH |
Kansas City Royals batting - Pitching for Milwaukee Brewers : RHP Victor Munoz
|
Batting: LHB Manny Estrada
|
0-0: Ball 1-0: Foul Ball, location: 2F 1-1: Ball 2-1: Called Strike 2-2: Foul Ball, location: 2F 2-2: Foul Ball, location: 2F 2-2: Ball 3-2: Foul Ball, location: 2F 3-2: SOLO HOME RUN (Flyball, 9D, EV 98.8 MPH), Distance : 388 ft
|
Batting: RHB Mikolas Markus
|
0-0: Called Strike 0-1: Ball 1-1: Swinging Strike 1-2: Ball 2-2: Strikes out swinging
|
Batting: SHB Jose Pacheco
|
0-0: Ball 1-0: Foul Ball, location: 2F 1-1: Ball 2-1: Ball 3-1: Base on Balls
|
Pitching: RHP Chris Geraci
|
|
Batting: RHB Matt Belgard
|
0-0: Ball 1-0: Ball Jose Pacheco steals 2nd base 2-0: Called Strike 2-1: Foul Ball, location: 2F 2-2: Foul Ball, location: 2F 2-2: Ball 3-2: Foul Ball, location: 2F 3-2: Base on Balls
|
Batting: LHB Mike Meyerhoff
|
0-0: Ball 1-0: Swinging Strike 1-1: Ball 2-1: Ground out 5-3 (Groundball, 5S, EV 73.8 MPH) Jose Pacheco to third Matt Belgard to second
|
Batting: RHB Mike Jaquez
|
0-0: Ball 1-0: Fly out, F9 (Flyball, 9, EV 83.8 MPH)
|
Bottom of the 4th over - 1 run, 1 hit, 0 errors, 2 left on base; Milwaukee 0 - Kansas City 4 |
TOP OF THE 5TH |
Milwaukee Brewers batting - Pitching for Kansas City Royals : RHP Bryan Boykin
|
Batting: RHB Dave Gonzalez
|
0-0: Foul Ball, location: 2F 0-1: Called Strike 0-2: Foul Ball, location: 2F 0-2: Foul Ball, location: 2F 0-2: Ball 1-2: Ground out 1-3 (Groundball, 34S, EV 67.5 MPH)
|
Batting: RHB Ryan Neal
|
0-0: Called Strike 0-1: Ball 1-1: SINGLE (Groundball, 25, EV 66.2 MPH) (infield hit)
|
Batting: RHB Kisho Ito
|
0-0: Foul Ball, location: 2F 0-1: Called Strike Ryan Neal steals 2nd base 0-2: Ground out U3 (Groundball, 3, EV 82.5 MPH) Ryan Neal to third
|
Batting: RHB Colin Boddy
|
0-0: Called Strike 0-1: Foul Ball, location: 2F 0-2: Foul Ball, location: 2F 0-2: Ball 1-2: Strikes out swinging
|
Top of the 5th over - 0 runs, 1 hit, 0 errors, 1 left on base; Milwaukee 0 - Kansas City 4 |
BOTTOM OF THE 5TH |
Kansas City Royals batting - Pitching for Milwaukee Brewers : RHP Chris Geraci
|
Batting: LHB Roman Downey
|
0-0: Ball 1-0: Foul Ball, location: 2F 1-1: Fly out, F6 (Line Drive, 6D, EV 66.9 MPH)
|
Batting: SHB Gil Switzer
|
0-0: Ball 1-0: Swinging Strike 1-1: Ball 2-1: Ball 3-1: Foul Ball, location: 2F 3-2: Base on Balls
|
Batting: LHB Pete Hansel
|
0-0: Ball 1-0: Swinging Strike 1-1: Ball 2-1: Fly out, F8 (Flyball, 8RS, EV 83.8 MPH)
|
Batting: LHB Manny Estrada
|
0-0: Ball 1-0: Called Strike 1-1: Swinging Strike 1-2: Foul Ball, location: 2F 1-2: Strikes out swinging
|
Bottom of the 5th over - 0 runs, 0 hits, 0 errors, 1 left on base; Milwaukee 0 - Kansas City 4 |
TOP OF THE 6TH |
Milwaukee Brewers batting - Pitching for Kansas City Royals : RHP Bryan Boykin
|
Batting: LHB Eric Klasek
|
0-0: Foul Ball, location: 2F 0-1: Fly out, F8 (Line Drive, 8RM, EV 96.9 MPH)
|
Batting: RHB Akitada Nishizawa
|
0-0: Called Strike 0-1: Ball 1-1: Ground out 1-3 (Groundball, P, EV 75.6 MPH)
|
Batting: SHB Lewis Thorpe Jr.
|
0-0: Ball 1-0: SINGLE (Line Drive, 3L, EV 95.6 MPH)
|
Batting: LHB Ernesto Cedillos
|
0-0: Foul Ball, location: 2F 0-1: Ground out 4-3 (Groundball, 34D, EV 83.1 MPH)
|
Top of the 6th over - 0 runs, 1 hit, 0 errors, 1 left on base; Milwaukee 0 - Kansas City 4 |
BOTTOM OF THE 6TH |
Kansas City Royals batting - Pitching for Milwaukee Brewers : RHP Chris Geraci
|
Batting: RHB Mikolas Markus
|
0-0: Ball 1-0: Ball 2-0: Ground out 6-3 (Groundball, 6, EV 108.1 MPH)
|
Batting: SHB Jose Pacheco
|
0-0: Ground out 6-3 (Groundball, 6, EV 79.4 MPH)
|
Batting: RHB Matt Belgard
|
0-0: Ground out 5-3 (Groundball, 56, EV 80.6 MPH)
|
Bottom of the 6th over - 0 runs, 0 hits, 0 errors, 0 left on base; Milwaukee 0 - Kansas City 4 |
TOP OF THE 7TH |
Milwaukee Brewers batting - Pitching for Kansas City Royals : RHP Bryan Boykin
|
Batting: SHB Junzo Kato
|
0-0: SINGLE (Line Drive, 34D, EV 103.8 MPH)
|
Batting: RHB Dave Gonzalez
|
0-0: Ball 1-0: Swinging Strike 1-1: Fly out, F3 (Popup, 34, EV 79.4 MPH)
|
Batting: RHB Ryan Neal
|
0-0: Grounds into double play, 5-4-3 (Groundball, 56, EV 86.2 MPH)
|
Top of the 7th over - 0 runs, 1 hit, 0 errors, 0 left on base; Milwaukee 0 - Kansas City 4 |
BOTTOM OF THE 7TH |
Kansas City Royals batting - Pitching for Milwaukee Brewers : RHP Chris Geraci
|
Pitching: RHP Rafael Gonzales
|
|
Batting: LHB Mike Meyerhoff
|
0-0: Ball 1-0: Ball 2-0: Ball 3-0: Base on Balls
|
Batting: RHB Mike Jaquez
|
0-0: Ball 1-0: Grounds into double play, 4-6-3 (Groundball, 4, EV 80.0 MPH)
|
Batting: LHB Roman Downey
|
0-0: Ball 1-0: Ball 2-0: Ball 3-0: Called Strike 3-1: Foul Ball, location: 2F 3-2: Strikes out swinging
|
Bottom of the 7th over - 0 runs, 0 hits, 0 errors, 0 left on base; Milwaukee 0 - Kansas City 4 |
TOP OF THE 8TH |
Milwaukee Brewers batting - Pitching for Kansas City Royals : RHP Bryan Boykin
|
Batting: RHB Kisho Ito
|
0-0: Ball 1-0: Called Strike 1-1: Called Strike 1-2: Foul Ball, location: 2F 1-2: Strikes out looking
|
Batting: RHB Colin Boddy
|
0-0: Ball 1-0: Ball 2-0: Foul Ball, location: 2F 2-1: Foul Ball, location: 2F 2-2: Ball 3-2: Ground out 3-1 (Groundball, 34, EV 90.6 MPH)
|
Batting: LHB Eric Klasek
|
0-0: Called Strike 0-1: Foul Ball, location: 2F 0-2: Ball 1-2: Ground out 4-3 (Groundball, 34D, EV 103.8 MPH)
|
Top of the 8th over - 0 runs, 0 hits, 0 errors, 0 left on base; Milwaukee 0 - Kansas City 4 |
BOTTOM OF THE 8TH |
Kansas City Royals batting - Pitching for Milwaukee Brewers : RHP Rafael Gonzales
|
Batting: SHB Gil Switzer
|
0-0: Ball 1-0: Ball 2-0: Foul Ball, location: 2F 2-1: Ball 3-1: Base on Balls
|
Batting: LHB Pete Hansel
|
0-0: Called Strike 0-1: Ball 1-1: Foul Ball, location: 2F 1-2: Grounds into double play, 4-6-3 (Groundball, 4, EV 83.1 MPH)
|
Batting: LHB Manny Estrada
|
0-0: Ball 1-0: Ball 2-0: Foul Ball, location: 2F 2-1: Ball 3-1: Foul Ball, location: 2F 3-2: Foul Ball, location: 2F 3-2: Foul Ball, location: 2F 3-2: Foul Ball, location: 2F 3-2: SINGLE (Line Drive, 56D, EV 100.0 MPH)
|
Batting: RHB Mikolas Markus
|
0-0: Called Strike 0-1: Ball 1-1: Ball 2-1: Ball 3-1: Base on Balls Manny Estrada to second
|
Batting: SHB Jose Pacheco
|
0-0: Called Strike 0-1: Swinging Strike 0-2: Fly out, F8 (Flyball, 8RS, EV 86.9 MPH)
|
Bottom of the 8th over - 0 runs, 1 hit, 0 errors, 2 left on base; Milwaukee 0 - Kansas City 4 |
TOP OF THE 9TH |
Milwaukee Brewers batting - Pitching for Kansas City Royals : RHP Bryan Boykin
|
Pitching: RHP David Silva
|
|
Batting: RHB Akitada Nishizawa
|
0-0: Called Strike 0-1: Ground out 6-3 (Groundball, 6D, EV 95.0 MPH)
|
Batting: SHB Lewis Thorpe Jr.
|
0-0: Foul Ball, location: 2F 0-1: Ball 1-1: Foul Ball, location: 2F 1-2: Ball 2-2: Ball 3-2: Foul Ball, location: 2F 3-2: Foul Ball, location: 2F 3-2: Hit by Pitch
|
Batting: LHB Ernesto Cedillos
|
0-0: Foul Ball, location: 2F 0-1: Fly out, F7 (Flyball, 78D, EV 90.6 MPH)
|
Batting: SHB Junzo Kato
|
0-0: Called Strike 0-1: Swinging Strike 0-2: Ball 1-2: Ball 2-2: Ball 3-2: 2-RUN HOME RUN (Flyball, 9LD, EV 95.6 MPH), Distance : 371 ft
|
Pitching: RHP Asa Hahn
|
|
Batting: RHB Dave Gonzalez
|
0-0: Foul Ball, location: 2F 0-1: Swinging Strike 0-2: Ball 1-2: Ball 2-2: Ball 3-2: Foul Ball, location: 2F 3-2: Strikes out swinging
|
Top of the 9th over - 2 runs, 1 hit, 0 errors, 0 left on base; Milwaukee 2 - Kansas City 4 |
|